oh6, chaotic male elven Wizard --------- |.......| ----- |.......| ----- ...| |..._...| |... 5 ---------.$-- ------- |...."/.| ------ --?.--------- |.......|..)-- --....... | |....)..| | ......-- --[..|wwwwwww| |.......|)...---)........ |. ----|---- .| ......).---)...|wwwwwww| |..._..[-..$!)-).)...[)[. |...).....).[.| ..).)....-.[[..w[ww@www| |.......|./).---[))...... ---.........--- ..)[....---[...|wwwwwww| |.......|../-- --.....).- -----)----- ....)..-- --.).|ww@wwww| ---------..-- ----.---- ...$...-- ---|---- --))--------- ..)| |...------- ........--------..)| |... ----- |.........| .........|.........| ----- ------...-- .?....$.--%..------- |....--....../--./".| ---...----.----...--- |...............| ----------------- oh6 the Mage Experience level: 30 Strength: 25 Dexterity: 18 Constitution: 16 Intelligence: 25 Wisdom: 25 Charisma: 18 Health: 794(794) Energy: 655(1087) AC: -54 Gold: 0 Moves: 65819 Your Inventory: Amulets K - the blessed Eye of the Aethiopica T - a blessed amulet of life saving (being worn) Weapons a - the blessed rustproof +6 Magicbane (weapon in hand) Armor B - a blessed fireproof +5 pair of low boots of power (being worn) C - a blessed fireproof +5 cloak of magic resistance G - a blessed fireproof +9 pair of leather gloves (being worn) H - a blessed fireproof +7 elven leather helm (being worn) J - a blessed fireproof +4 oilskin cloak (being worn) M - a blessed +5 chromatic dragon scale mail (being worn) N - a blessed fireproof +5 small shield of brilliance (being worn) U - a blessed +5 Hawaiian shirt (being worn) Comestibles m - an uncursed lizard corpse Spellbooks X - the uncursed Book of the Dead Rings s - a blessed ring of slow digestion t - a blessed ring of free action (on left hand) x - a blessed ring of conflict A - a blessed ring of levitation Y - a blessed ring of protection from shape changers Wands i - an uncursed wand of digging (0:7) D - an uncursed wand of teleportation (2:4) I - an uncursed wand of digging (0:2) Q - an uncursed wand of death (0:3) S - an uncursed wand of wishing (1:1) Tools c - a blessed stethoscope e - a blessed +0 unicorn horn h - a blessed tooled horn k - a blessed skeleton key l - the blessed Candelabrum of Invocation (no candles attached) (0:0) n - a blessed greased bag of holding o - a blessed oilskin sack v - a blessed pair of lenses w - a blessed towel y - a blessed magic lamp (lit) z - a blessed magic whistle O - the uncursed Bell of Opening (0:2) Z - an uncursed expensive camera [0:33] Gems L - a blessed luckstone Contents of the bag of holding: an uncursed amulet of life saving a blessed amulet of magical breathing an uncursed amulet of reflection an uncursed amulet of unchanging the uncursed +0 Sting the uncursed +5 Thiefbane an uncursed +1 athame 10 uncursed +3 daggers 34 blessed poisoned +6 darts a blessed +2 silver dagger a blessed rustproof +6 thirsty trident an uncursed +0 helm of opposite alignment a blessed fireproof +4 pair of water walking boots 5 uncursed [stale] cockatrice eggs 23 uncursed lembas wafers an uncursed lizard corpse 19 uncursed lumps of royal jelly an uncursed pancake 27 blessed scrolls of blank paper 5 cursed scrolls of blank paper 2 blessed scrolls of charging a blessed scroll of flood 7 uncursed scrolls of flood 2 blessed scrolls of genocide 4 blessed scrolls of stinking cloud 2 uncursed scrolls of stinking cloud an uncursed scroll of taming a cursed scroll of teleportation an uncursed ring of conflict an uncursed ring of free action an uncursed ring of polymorph an uncursed +4 ring of protection an uncursed ring of teleport control an uncursed wand of death (4:8) an uncursed wand of death (2:7) an uncursed wand of death (0:0) an uncursed wand of death (0:0) an uncursed wand of digging (0:8) an uncursed wand of enlightenment (0:11) an uncursed wand of fire (1:6) an uncursed wand of fire (2:5) an uncursed wand of fire (0:4) an uncursed wand of fire (0:3) an uncursed wand of lightning (0:7) an uncursed wand of lightning (1:7) an uncursed wand of lightning (1:5) an uncursed wand of lightning (0:5) an uncursed wand of sleep (0:8) an uncursed wand of speed monster (0:3) an uncursed wand of teleportation (0:15) an uncursed wand of teleportation (1:14) an uncursed wand of teleportation (1:13) an uncursed wand of teleportation (3:13) an uncursed wand of teleportation (1:12) an uncursed wand of teleportation (2:8) an uncursed wand of teleportation [0:6] an uncursed wand of undead turning (0:6) an uncursed wand of undead turning (0:4) an uncursed can of grease (0:22) an uncursed leash an uncursed magic marker (0:68) an uncursed magic marker (0:40) an uncursed magic marker (0:16) an uncursed magic marker (1:15) an uncursed +0 pick-axe of stealth an uncursed +0 unicorn horn an uncursed agate stone 4 uncursed amethyst stones 4 uncursed aquamarine stones an uncursed black opal 2 uncursed chrysoberyl stones 8 uncursed diamonds 8 uncursed dilithium crystals 10 uncursed emeralds an uncursed emerald named The Eye of Hera an uncursed garnet stone 13 uncursed jacinth stones 2 uncursed jade stones 4 uncursed jasper stones an uncursed jet stone a blessed luckstone an uncursed obsidian stone 19 uncursed rubies 2 uncursed rubies named The Heart of Casanova 12 uncursed sapphires an uncursed topaz stone a blessed touchstone an uncursed turquoise stone Spells known in the end: Name Level Category Fail Memory a - magic missile 2 attack 0% [|.......] b - force bolt 1 attack 0% [||||||||] c - detect food 2* divination 0% [........] d - detect monsters 1 divination 0% [||......] e - charm monster 3! enchantment 0% [|.......] f - slow monster 2 enchantment 0% [||||||..] g - stone to flesh 3 healing 0% [||||||..] h - haste self 3! escape 0% [|.......] i - identify 3* divination 0% [........] j - jumping 1 escape 0% [||......] k - finger of death 7! attack 0% [|.......] l - light 1 divination 0% [||||||||] m - magic mapping 5* divination 0% [........] n - cancellation 7! matter 0% [|.......] o - knock 1 matter 0% [|||.....] p - confuse monster 2* enchantment 0% [........] q - levitation 4 escape 0% [|||.....] r - remove curse 3* clerical 0% [........] s - polymorph 6 matter 0% [||......] t - detect treasure 4! divination 0% [|.......] u - detect unseen 3 divination 0% [||||||..] v - drain life 2 attack 0% [||......] w - wizard lock 2 matter 0% [||......] x - invisibility 4 escape 0% [|||||...] y - create monster 2 clerical 0% [||......] z - sleep 1 enchantment 0% [||||||..] A - clairvoyance 3* divination 0% [........] B - protection 1* clerical 0% [........] C - restore ability 4 healing 15% [||||||||] D - healing 1 healing 0% [|||.....] E - extra healing 3* healing 0% [........] F - cure blindness 2* healing 0% [........] G - cause fear 3! enchantment 0% [|.......] H - cure sickness 3 healing 0% [||||....] I - turn undead 6 clerical 0% [||||....] J - cone of cold 4 attack 0% [||||....] K - teleport away 6 escape 0% [|||||...] L - dig 5 matter 0% [|||||...] M - fireball 4 attack 0% [|||||...] N - create familiar 6 clerical 0% [|||||...] Your skills at the end: Fighting Skills Weapon Skills dagger [Expert / Expert] quarterstaff [Skilled / Expert] trident [Basic / Basic] Spellcasting Skills attack spells [Expert / Expert] divination spells [Skilled / Expert] enchantment spells [Basic / Skilled] clerical spells [Skilled / Skilled] escape spells [Skilled / Expert] matter spells [Expert / Expert] Final Attributes: You were the Glory of Arioch. You were piously aligned. Hunger level was 1118. Your alignment was 339 / 339. Monster difficulty range was 17 - 57. Level difficulty was 68. You were immune to fire. You were immune to cold. You were immune to sleep. You were immune to disintegration. You were immune to electricity. You were immune to poison. You were magic-protected. You were immune to acid. You were immune to petrification. You resisted spell damage. You saw invisible. You were telepathic. You were warned. You had automatic searching. You had infravision. You were stealthy. You could teleport. You had teleport control. You had a +19 damage bonus. You were protected. You had polymorph control. You were very fast. You had reflection. You had free action. Your life would have been saved. You were extremely lucky (13). You had extra luck. Good luck did not time out for you. You survived. Vanquished creatures: Cthulhu (twice) Dispater Geryon Orcus Yeenoghu Juiblex The Wizard of Yendor (4 times) Death Vlad the Impaler 3 arch-liches a black marketeer a mastodon 4 vorpal jabberwocks Medusa Croesus 13 krakens an Archon 18 iron golems 3 chromatic dragons 3 storm giants 4 titans 6 glass golems 10 balrogs 17 purple worms 16 sirrushes 9 lindworms 12 sarkanies 10 drakens 19 guivres 12 leviathans 12 gold dragons 11 tatzelworms 7 wyverns 15 amphiteres 2 minotaurs 11 jabberwocks The Dark One 11 baluchitheria 24 Angels 7 demiliches 6 stone golems 7 master mind flayers 20 Olog-hai 3 Nazgul 16 pit fiends 11 hell hounds 13 titanotheres 9 trappers 2 baby sirrushes a baby lindworm a baby draken 4 baby guivres a baby leviathan 5 baby gold dragons 5 baby tatzelworms 2 baby amphiteres 4 disenchanters 67 vampire lords 7 skeletons a shopkeeper 41 aligned priests 6 captains 8 shades 14 liches 2 water trolls 4 clay golems 16 nurses 8 ice devils 6 nalfeshnees Aphrodite 9 lurkers above 4 Aleaxes 5 frost giants 11 ettins 4 golden nagas 9 black puddings 45 vampires 11 lieutenants a watch captain 76 ghosts 2 convicts a monk a tourist 2 queen bees 9 locusts 5 winged gargoyles 6 mind flayers 17 giant mimics 8 zruties 15 fire giants 7 ogre kings 11 ice trolls 23 rock trolls 9 umber hulks 9 flesh golems 4 Elvenkings 6 doppelgangers 24 hezrous 22 bone devils 15 large mimics 7 wumpuses 2 fire vortices 6 baby long worms 3 baby purple worms 14 long worms 11 couatls 8 stalkers 3 air elementals 8 fire elementals 5 earth elementals 8 water elementals 9 hill giants 6 giant mummies 2 black nagas 16 xorns 35 giant zombies 7 elf-lords 26 sergeants 17 barbed devils 25 vrocks 3 salamanders 15 wargs 8 winter wolves 5 hell hound pups 24 small mimics 4 glass piercers 7 rodents of unusual size 9 warhorses 2 steam vortices 9 xans 4 ettin mummies 3 ogre lords 12 quantum mechanics 40 trolls 9 sasquatches 9 wood golems 4 erinyes 13 mariliths a djinni 9 sharks 5 electric eels 8 giant turtles 14 gelatinous cubes 3 pyrolisks 9 large dogs 9 freezing spheres 21 flaming spheres 10 shocking spheres 7 large cats 7 tigers 9 gargoyles 5 dwarf kings 34 tengu 11 ochre jellies 17 leocrottas 7 energy vortices 13 mountain centaurs 12 stone giants 5 elf mummies 10 human mummies 3 red nagas 10 green slimes 10 pit vipers 7 pythons 5 cobras 56 wraiths 7 carnivorous apes 43 ettin zombies 14 leather golems 6 Grey-elves 103 soldiers 4 watchmen 23 horned devils 12 succubi 10 incubi 16 chameleons 5 crocodiles 11 giant beetles 6 quivering blobs 21 cockatrices 17 wolves 23 winter wolf cubs 3 lynxes 6 panthers 3 gremlins 5 spotted jellies 28 leprechauns 6 orc-captains 13 iron piercers 12 mumakil 22 giant spiders 8 scorpions 11 horses 8 ice vortices 12 black lights 72 vampire bats 14 forest centaurs 14 gnome kings 8 orc mummies 7 dwarf mummies 5 ogres 11 brown puddings 16 rust monsters 12 owlbears 5 yetis 13 gold golems 2 werewolves 5 Green-elves 2 piranhas 22 giant eels 22 lizards 2 apprentices 8 chickatrices 4 dogs 3 dingos 5 housecats 4 jaguars 4 dwarf lords 9 blue jellies 9 white unicorns 4 gray unicorns 2 black unicorns 15 dust vortices 60 ravens 18 plains centaurs 10 gnome mummies 7 snakes 31 apes 43 human zombies 9 rope golems 7 Woodland-elves 6 soldier ants 44 fire ants 22 snow ants 17 bugbears 5 imps 107 lemures 11 quasits 14 wood nymphs 26 water nymphs 13 mountain nymphs 26 Mordor orcs 32 Uruk-hai 8 orc shamans 16 rock piercers 6 enormous rats 8 rock moles 13 ponies 9 fog clouds 11 yellow lights 2 shriekers 14 violet fungi 26 gnome lords 8 gnomish wizards 11 kobold mummies 3 red naga hatchlings 3 black naga hatchlings 5 golden naga hatchlings a guardian naga hatchling 11 gray oozes 6 barrow wights 28 elf zombies 32 ghouls 5 straw golems 6 paper golems 7 wax golems 3 jellyfish 7 baby crocodiles 22 giant ants 6 little dogs 17 floating eyes 3 kittens 25 dwarves 15 homunculi 7 kobold lords 7 kobold shamans 30 hill orcs 17 rothes 5 rabid rats 8 centipedes 25 giant bats 5 monkeys 38 orc zombies 32 dwarf zombies 4 wererats 6 werejackals 4 muggers 10 iguanas 77 killer bees 35 acid blobs 5 coyotes 5 gas spores 13 hobbits 39 manes 4 large kobolds 30 hobgoblins 12 giant rats 16 cave spiders 7 brown molds 8 yellow molds 4 green molds 3 red molds 69 gnomes 24 garter snakes 28 gnome zombies 14 geckos 12 jackals 8 foxes 6 kobolds 9 goblins 17 sewer rats 26 grid bugs 11 bats 12 lichens 28 kobold zombies 14 newts 3991 creatures vanquished. Genocided or extinct species: master liches arch-liches erinyes (extinct) 2 species genocided. 3 species extinct. Voluntary challenges: You used a wielded weapon 7224 times. You read items or engraved 1340 times. You put on armor 374 times. You genocided 2 types of monsters. You polymorphed 12870 items. You changed form 2 times. You used 1 wish. You used 1 wish for magical items. You wrote Elbereth's name 725 times. You never encountered a bones level. You never used any Sokoban shortcuts. Dungeon overview: The Dungeons of Doom: levels 1 to 27 Level 1 a fountain stairs to The Elemental Planes Level 2 (vault) Level 3 a general store, a fountain Level 4 (vault) stairs to The Gnomish Mines Level 5 a general store Level 6 many fountains Level 7 (ev) a pet store, some fountains stairs to Sokoban Level 8 ( ) some fountains stairs to Town Level 9 (ev) a potion shop Level 10 some fountains Level 11 a tool shop, a fountain portal to Fort Ludios Level 12 an altar to Anhur Level 13 portal to The Quest Level 14 a fountain Level 16 some fountains Level 18 (ev) many fountains, some trees Level 19 (od) Level 20 (od) an altar to Anhur, a fountain Level 21 (od) a fountain Level 22 (mm) a fountain Level 23 a fountain, many trees portal to One-eyed Sam's Market Level 27 a magic chest, a fountain Gehennom: levels 28 to 53 Level 28 a temple, a magic chest stairs to The Dungeons of Doom Level 32 a fountain Level 34 many fountains Level 36 stairs to Vlad's Tower Level 40 stairs to The Dragon Caves Level 42 a lighting shop, some altars, a magic chest, a fountain Level 44 many trees Level 47 portal to Gehennom Level 48 a magic chest Level 49 portal to Gehennom Level 53 a temple The Gnomish Mines: levels 5 to 12 Level 5 stairs to The Dungeons of Doom Level 8 some shops, a temple to Anhur, a magic chest, some fountains Level 12 some fountains The Quest: levels 1 to 6 Level 1 a magic chest portal to The Dungeons of Doom Level 6 a temple to Anhur Sokoban: levels 4 to 6 Level 6 a magic chest stairs to The Dungeons of Doom Town: levels 5 to 7 Level 5 many shops, some fountains, a sink Level 6 many fountains, many trees Level 7 stairs to The Dungeons of Doom Fort Ludios: Level 1 a magic chest, many fountains, a tree portal to The Dungeons of Doom One-eyed Sam's Market: Level 1 portal to The Dungeons of Doom Vlad's Tower: levels 32 to 35 Level 35 many trees stairs to Gehennom The Dragon Caves: levels 41 to 44 Level 41 many trees stairs to Gehennom Level 42 a jewelry store, many trees Level 43 many trees Level 44 many trees The Elemental Planes: Astral Plane <- You were here some temples Plane of Earth portal to The Elemental Planes Plane of Fire portal to The Elemental Planes Plane of Air portal to The Elemental Planes Plane of Water portal to The Elemental Planes History has recorded: On T:1 you entered the Dungeons of Doom to retrieve the Amulet of Yendor! On T:215 you reached level 2 of The Dungeons of Doom. On T:392 you advanced to experience level 2. On T:520 you advanced to experience level 3. On T:588 you reached level 3 of The Dungeons of Doom. On T:668 you reached level 4 of The Dungeons of Doom. On T:693 you advanced to experience level 4. On T:1172 you advanced to experience level 5. On T:1683 you advanced to experience level 6. On T:1982 you reached level 5 of The Dungeons of Doom. On T:2183 you reached level 1 of The Gnomish Mines. On T:2213 you reached level 2 of The Gnomish Mines. On T:2245 you advanced to experience level 7. On T:2542 you reached level 3 of The Gnomish Mines. On T:3454 you advanced to experience level 8. On T:3958 you reached level 4 of The Gnomish Mines. On T:4026 you reached level 5 of The Gnomish Mines. On T:5950 you advanced to experience level 9. On T:6067 you reached level 7 of The Gnomish Mines. On T:6212 you reached level 8 of The Gnomish Mines. On T:9210 you advanced to experience level 10. On T:11249 you reached level 6 of The Dungeons of Doom. On T:11450 you reached level 7 of The Dungeons of Doom. On T:11591 you reached level 3 of Sokoban. On T:11915 you reached level 2 of Sokoban. On T:12729 you reached level 1 of Sokoban. On T:14318 you reached level 8 of The Dungeons of Doom. On T:14551 you advanced to experience level 11. On T:14685 you reached level 9 of The Dungeons of Doom. On T:14773 you reached level 3 of Town. On T:15402 you reached level 2 of Town. On T:15725 you reached level 1 of Town. On T:15851 you killed Aphrodite on level 2 of Town. On T:17328 you reached level 10 of The Dungeons of Doom. On T:17761 you reached level 11 of The Dungeons of Doom. On T:17958 you reached level 12 of The Dungeons of Doom. On T:18301 you received a fireproof elven dagger of searching from Anhur. On T:18365 you received Magicbane from Anhur. On T:20571 you advanced to experience level 12. On T:22085 you received advice from The Oracle. On T:23869 you advanced to experience level 13. On T:23870 you advanced to experience level 14. On T:23870 you advanced to experience level 15. On T:23871 you advanced to experience level 16. On T:23991 you were chosen to steal souls for your god's glory! On T:24112 you advanced to experience level 17. On T:24132 you advanced to experience level 18. On T:26137 you reached level 13 of The Dungeons of Doom. On T:26258 you reached level 14 of The Dungeons of Doom. On T:26435 you genocided all master liches On T:26694 you reached level 1 of The Quest. On T:26707 you advanced to experience level 19. On T:26964 you embarked upon an epic quest. On T:26983 you reached level 2 of The Quest. On T:27283 you reached level 3 of The Quest. On T:27799 you reached level 4 of The Quest. On T:28061 you reached level 5 of The Quest. On T:28258 you reached level 6 of The Quest. On T:28609 you killed Dark One on level 6 of The Quest. On T:29453 you completed the quest! On T:30800 you reached level 15 of The Dungeons of Doom. On T:31010 you reached level 16 of The Dungeons of Doom. On T:31164 you reached level 17 of The Dungeons of Doom. On T:31437 you reached level 18 of The Dungeons of Doom. On T:31739 you reached level 19 of The Dungeons of Doom. On T:31932 you reached level 20 of The Dungeons of Doom. On T:32240 you reached level 21 of The Dungeons of Doom. On T:32296 you reached level 22 of The Dungeons of Doom. On T:32941 you reached level 23 of The Dungeons of Doom. On T:33159 you killed Medusa on level 23 of The Dungeons of Doom. On T:33177 you reached level 1 of One-eyed Sam's Market. On T:33238 you reached level 24 of The Dungeons of Doom. On T:33739 you reached level 25 of The Dungeons of Doom. On T:34357 you reached level 26 of The Dungeons of Doom. On T:34759 you reached The Castle. On T:37396 you advanced to experience level 20. On T:37396 you advanced to experience level 21. On T:37473 you reached The Valley of the Dead. On T:37897 you advanced to experience level 22. On T:38465 you reached level 2 of Gehennom. On T:39103 you reached Fort Knox. On T:40399 you killed Croesus in Fort Knox. On T:40726 you advanced to experience level 23. On T:42329 you reached level 3 of Gehennom. On T:42605 you reached level 4 of Gehennom. On T:42826 you advanced to experience level 24. On T:42832 you reached level 5 of Gehennom. On T:42848 you killed Juiblex on level 5 of Gehennom. On T:43114 you reached level 6 of Gehennom. On T:43273 you reached level 7 of Gehennom. On T:44064 you reached level 8 of Gehennom. On T:44431 you reached level 9 of Gehennom. On T:44436 you reached level 4 of Vlad's Tower. On T:44782 you reached level 3 of Vlad's Tower. On T:44875 you reached level 2 of Vlad's Tower. On T:44965 you reached level 1 of Vlad's Tower. On T:45099 you killed Vlad the Impaler on level 1 of Vlad's Tower. On T:46521 you reached level 10 of Gehennom. On T:46585 you reached level 11 of Gehennom. On T:46755 you reached level 12 of Gehennom. On T:47017 you reached level 13 of Gehennom. On T:47091 you killed Yeenoghu on level 13 of Gehennom. On T:47236 you reached level 1 of The Dragon Caves. On T:47426 you reached level 2 of The Dragon Caves. On T:47780 you reached level 3 of The Dragon Caves. On T:47950 you reached level 4 of The Dragon Caves. On T:48572 you reached level 14 of Gehennom. On T:48730 you reached level 15 of Gehennom. On T:49239 you killed Orcus on level 15 of Gehennom. On T:49423 you advanced to experience level 25. On T:49639 you reached level 16 of Gehennom. On T:49648 you killed Dispater on level 16 of Gehennom. On T:49665 you advanced to experience level 26. On T:49866 you advanced to experience level 27. On T:49910 you reached level 17 of Gehennom. On T:49952 you killed Geryon on level 17 of Gehennom. On T:50223 you reached level 18 of Gehennom. On T:50394 you reached level 19 of Gehennom. On T:50558 you reached level 20 of Gehennom. On T:50728 you reached level 21 of Gehennom. On T:52574 you reached level 22 of Gehennom. On T:52752 you reached level 23 of Gehennom. On T:53937 you reached level 24 of Gehennom. On T:54277 you reached level 25 of Gehennom. On T:56384 you advanced to experience level 28. On T:56917 you received a fireproof elven dagger of frost from Anhur. On T:59377 you received a fireproof elven dagger of frost from Anhur. On T:64934 you killed Wizard of Yendor on level 18 of Gehennom. On T:64958 you performed the invocation. On T:64958 you reached level 26 of Gehennom. On T:65072 you killed Cthulhu on level 26 of Gehennom. On T:65076 you killed Wizard of Yendor on level 26 of Gehennom. On T:65080 you killed Cthulhu on level 26 of Gehennom. On T:65083 you gained the Amulet of Yendor! On T:65162 you advanced to experience level 29. On T:65163 you advanced to experience level 30. On T:65220 you reached the Plane of Water. On T:65221 you killed Wizard of Yendor on the Plane of Water. On T:65354 you killed Wizard of Yendor on the Plane of Water. On T:65359 you reached the Plane of Air. On T:65380 you lost the Amulet of Yendor. On T:65393 you gained the Amulet of Yendor! On T:65421 you reached the Plane of Fire. On T:65465 you wished for "blessed fixed eyes of the overworld". On T:65493 you reached the Astral Plane. On T:65689 you reached the Astral Plane. On T:65692 you genocided all arch-liches On T:65798 you killed Death on the Astral Plane. On T:65819 you lost the Amulet of Yendor. On T:65819 you offered the Amulet of Yendor to Anhur and ascended to the status of Demigod! Latest messages: Never mind. z - a blessed magic whistle. You produce a strange whistling sound. The purple worm picks up 23 gold pieces. The purple worm drops a rustproof large shield. There is an altar to Anhur (chaotic) here. You offer the Amulet of Yendor to Anhur... An invisible choir sings, and you are bathed in radiance... The voice of Anhur thunders: "Congratulations, mortal!" "In return for thy service, I grant thee the gift of Immortality!" You ascend to the status of Demigod... The oilskin sack is empty. Final status: Goodbye oh6 the Demigod... You and the purple worm and the purple worm and the purple worm and the purple worm and the purple worm and the purple worm and the purple worm and the purple worm went to your reward with 405579 points, Magicbane (worth 3500 zorkmids and 8750 points) The Candelabrum of Invocation (worth 5000 zorkmids and 12500 points) Thiefbane (worth 1500 zorkmids and 3750 points) Sting (worth 800 zorkmids and 2000 points) The Eye of the Aethiopica (worth 4000 zorkmids and 10000 points) The Bell of Opening (worth 5000 zorkmids and 12500 points) The Book of the Dead (worth 10000 zorkmids and 25000 points) 21 rubies (worth 73500 zorkmids), 13 jacinth stones (worth 42250 zorkmids), 12 sapphires (worth 36000 zorkmids), 11 emeralds (worth 27500 zorkmids), 8 dilithium crystals (worth 36000 zorkmids), 8 diamonds (worth 32000 zorkmids), 4 aquamarine stones (worth 6000 zorkmids), 4 amethyst stones (worth 2400 zorkmids), 4 jasper stones (worth 2000 zorkmids), 2 chrysoberyl stones (worth 1400 zorkmids), 2 jade stones (worth 600 zorkmids), 1 black opal (worth 2500 zorkmids), 1 turquoise stone (worth 2000 zorkmids), 1 topaz stone (worth 900 zorkmids), 1 jet stone (worth 850 zorkmids), 1 garnet stone (worth 700 zorkmids), 1 obsidian stone (worth 200 zorkmids), 1 agate stone (worth 200 zorkmids), 2 amulets of life saving (worth 300 zorkmids), 1 amulet of unchanging (worth 150 zorkmids), 1 amulet of reflection (worth 150 zorkmids), 1 amulet of magical breathing (worth 150 zorkmids), and 0 pieces of gold, after 65819 moves. You were level 30 with a maximum of 794 hit points when you ascended.